 Dungeon Crawl Stone Soup version 0.21-a0-273-g0785366 (webtiles) character file.

107 Farsco the Charmwright (level 4, 0/35 HPs)
             Began as a Gnoll Skald on Sept 17, 2017.
             Killed by nerve-wracking pain
             ... invoked by a shadow imp
             ... summoned by Natasha
              (12 damage)
             ... on level 2 of the Dungeon.
             The game lasted 00:17:39 (3161 turns).

Farsco the Charmwright (Gnoll Skald)                Turns: 3161, Time: 00:17:40

Health: 0/35       AC:  7    Str:  7    XL:     4   Next: 85%
Magic:  5/9        EV:  8    Int:  7    God:
Gold:   91         SH:  0    Dex:  7    Spells: 5/10 levels left

rFire    . . .     SeeInvis .   a - +0 falchion
rCold    . . .     Gourm    .   (no shield)
rNeg     . . .     Faith    .   v - +0 scale mail
rPois    .         Spirit   .   (no helmet)
rElec    .         Reflect  .   k - +0 cloak
rCorr    .         Harm     .   (no gloves)
MR       .....                  (no boots)
Stlth    ..........             (no amulet)
HPRegen  0.11/turn              (no ring)
MPRegen  0.11/turn              (no ring)

@: infused
A: unchanging attributes, fangs 1, strong nose
a: no special abilities


You were on level 2 of the Dungeon.
You were near starving.

You visited 1 branch of the dungeon, and saw 2 of its levels.

You collected 91 gold pieces.

Inventory:

Hand Weapons
 a - a +0 falchion (weapon)
 o - a +0 spear
Missiles
 e - 87 stones (quivered)
Armour
 b - a +0 leather armour
 k - a +0 cloak (worn)
 v - a +0 scale mail (worn)
Jewellery
 r - a +2 ring of intelligence {unknown}
Scrolls
 f - 2 scrolls of remove curse {unknown}
 h - 2 scrolls of recharging {unknown}
 j - 2 scrolls of identify {unknown}
 m - a scroll of amnesia {unknown}
 q - a scroll of teleportation {unknown}
 u - 2 scrolls of fog {unknown}
Potions
 g - a potion of might {unknown}
 i - a potion of haste
 l - a potion of brilliance {unknown}
 s - a potion of mutation {unknown}
 t - a potion of berserk rage
Books
 c - a book of Battle

   Spells                             Type                      Level
   a - Infusion                       Charms                       1
   b - Shroud of Golubria             Charms/Translocation         2
   c - Song of Slaying                Charms                       2
   d - Spectral Weapon                Hexes/Charms                 3
   e - Regeneration                   Charms/Necromancy            3
Comestibles
 d - a bread ration
 n - a meat ration


   Skills:
 * Level 3.2 Fighting
 * Level 3.2 Long Blades
 + Level 1.1 Polearms
 + Level 1.0 Throwing
 * Level 2.4 Armour
 * Level 3.3 Dodging
 * Level 3.7 Spellcasting
 * Level 4.9 Charms


You had 5 spell levels left.
You knew the following spells:

 Your Spells              Type           Power        Failure   Level  Hunger
a - Infusion              Chrm           #...         43%         1    ##.....
b - Song of Slaying       Chrm           #.......     56%         2    ###....
c - Shroud of Golubria    Chrm/Tloc      #.........   89%         2    ###....


Dungeon Overview and Level Annotations

Branches:
Dungeon (2/15)

Altars:

Annotations:
D:2 Natasha


Innate Abilities, Weirdness & Mutations

Your physical attributes are unchanging.
You have very sharp teeth.
Your uncanny sense of smell can sniff out nearby items.


Message History

You barely miss Natasha.
Natasha is moderately wounded.
Natasha claws you. The shadow imp hits you.
You hit Natasha.
Natasha is severely wounded.
Natasha claws you but does no damage. The shadow imp gestures at you.
Pain shoots through your body!
Your scale mail prevents you from hitting Natasha.
Natasha is severely wounded.
Natasha claws you. The shadow imp completely misses you.
You riposte.
You hit the shadow imp.
The shadow imp is lightly wounded.
Natasha casts a spell at you. The magic dart hits you!
You hit Natasha.
Natasha is almost dead.
The shadow imp gestures at you. Pain shoots through your body!
You die...

##### #...# #...# #
### #...# .#
..######...#######.#
.......'>..'.......#
#.######...#####.#.#
#.# #...# #5# #.#
##### #@# #.# #h#
#.#######
#...g.......
#.......#
#.##(#...###
#######.# #< #(#...#
.).<# #.# # #(# ..#
##..###.##### #.#
.... ##..#.......#
#.# ####
#.###.#.###.# #.#


You could see Natasha, a shadow imp and a goblin.

Vanquished Creatures
  Natasha (D:2)
  A gnoll (D:1)
  An adder (D:2)
  3 oozes
  A worm (D:2)
  A dart slug (D:1)
  A leopard gecko (D:1)
  3 giant cockroaches (D:1)
  4 goblins (D:1)
  10 hobgoblins
  4 kobolds
  A ball python (D:1)
  5 bats (D:1)
  3 frilled lizards (D:1)
  6 rats
45 creatures vanquished.

Notes
Turn   | Place    | Note
-------+----------+-------------------------------------------
     0 | D:1      | Farsco the Gnoll Skald began the quest for the Orb.
     0 | D:1      | Reached XP level 1. HP: 17/17 MP: 4/4
    45 | D:1      | Reached XP level 2. HP: 11/23 MP: 1/6
   514 | D:1      | Learned a level 2 spell: Song of Slaying
   625 | D:1      | Reached XP level 3. HP: 27/28 MP: 7/7
   629 | D:1      | Learned a level 2 spell: Shroud of Golubria
  1452 | D:1      | Reached XP level 4. HP: 31/34 MP: 4/9
  2390 | D:2      | Reached skill level 1 in Throwing
  2451 | D:2      | Noticed Natasha
  2461 | D:2      | Killed Natasha
  2461 | D:2      | Reached skill level 1 in Polearms
  3152 | D:2      | Noticed Natasha
  3161 | D:2      | Killed from afar by a shadow imp

Vault maps used:
D:1:      erik_arrival_cave_to_civilisation, minmay_box_of_dots
D:2:      fedhas_altar_4, first_bread, uniq_natasha

Skill      XL: |  1  2  3  4 |
---------------+-------------+-----
Dodging        | 3 |  3.3
Armour         | 2 |  2.4
Long Blades    | 3 |  3.2
Fighting       | 3 |  3.2
Throwing       | 1 |  1.0
Polearms       | 1 |  1.1
Spellcasting   | |  3.7
Charms         | |  4.9

Action                   |  1- 3 |  4- 6 || total
-------------------------+-------+-------++-------
Melee: Falchion          |   109 |    68 ||   177
       Bite              |     8 |     3 ||    11
       Spear             |       |    57 ||    57
Throw: Stone             |    62 |    28 ||    90
 Cast: Infusion          |     4 |     3 ||     7
  Use: Potion            |     1 |     1 ||     2
  Eat: Chunk             |     2 |     4 ||     6
Armor: Leather armour    |    32 |    11 ||    43
       Scale mail        |       |    20 ||    20
Dodge: Dodged            |    65 |    38 ||   103
       Rpst.: Falchion   |    20 |    12 ||    32

Table legend:
 A = Spawn XP
 B = Non-spawn XP
 C = Spawn XP percentage of total XP
 D = Spawn monster count
 E = Non-spawn monster count
 F = Spawn count percentage of total count
 G = Total turns spent on level
                    A         B        C        D         E        F      G
               +---------+---------+-------+---------+---------+-------+---------
         Total |       0 |     153 |   0.0 |       0 |      45 |   0.0 |  3161
               +---------+---------+-------+---------+---------+-------+---------
           D:1 |       0 |      85 |   0.0 |       0 |      36 |   0.0 |  1843
           D:2 |       0 |      68 |   0.0 |       0 |       9 |   0.0 |  1318
               +---------+---------+-------+---------+---------+-------+---------
